 Dungeon Crawl Stone Soup version 0.31-a0-145-g046c7d2549 (webtiles) character file.

Game seed: 16581447875777332245

229 qw the Shooter (level 5, 0/46 HPs)
             Began as a Minotaur Hunter on June 7, 2023.
             Was an Initiate of Okawaru.
             Succumbed to a scorpion's poison
             ... on level 4 of the Dungeon.
             The game lasted 00:01:11 (2982 turns).

qw the Shooter (Minotaur Hunter)                    Turns: 2982, Time: 00:01:11

Health: 0/46       AC:  5    Str: 16    XL:     5   Next: 71%
Magic:  13/13      EV: 11    Int: 10    God:    Okawaru [......]
Gold:   193        SH:  0    Dex: 15    Spells: 4/4 levels left

rFire   . . .        Y - +1 shortbow
rCold   . . .        (shield currently unavailable)
rNeg    . . .        j - +0 ring mail
rPois   .            (helmet restricted)
rElec   .            (no cloak)
rCorr   +            (no gloves)
SInv    .            (no boots)
Will    .....        h - amulet "Uckostro" {Acrobat rCorr MP+9 Int+4}
Stlth   +            (no ring)
HPRegen 0.27/turn    (no ring)
MPRegen 0.13/turn

%: acrobat
@: lethally poisoned (0 -> -13)
A: horns 2, retaliatory headbutt
a: Renounce Religion


You were on level 4 of the Dungeon.
You worshipped Okawaru.
Okawaru was noncommittal.
You visited 2 branches of the dungeon, and saw 5 of its levels.

You collected 193 gold pieces.


Innate Abilities, Weirdness & Mutations

You have a pair of horns on your head.
You reflexively headbutt those who attack you in melee.


   Skills:
 - Level 4.0 Fighting
 + Level 7.0 Ranged Weapons
 - Level 1.2 Armour
 - Level 2.1 Dodging
 - Level 0.7 Stealth


You had 4 spell levels left.
You didn't know any spells.
Your spell library was empty.

Inventory:

Hand Weapons
 Y - a +1 shortbow (weapon)
Armour
 j - a +0 ring mail (worn)
Jewellery
 c - an amulet of magic regeneration
 d - a ring of ice
 h - the amulet "Uckostro" (around neck) {Acrobat rCorr MP+9 Int+4}
   (You found it on level 3 of the Dungeon)

   [amulet of the acrobat]

   It increases your evasion while moving and waiting.
   Int:       It affects your intelligence (+4).
   MP:        It affects your magic capacity (+9).
   rCorr:     It protects you from acid and corrosion.
Scrolls
 e - a scroll of identify
Potions
 a - a potion of curing {unknown}
 b - a potion of attraction {unknown}
 f - a potion of invisibility {unknown}
 g - a potion of enlightenment {unknown}
 m - a potion of ambrosia {unknown}
 n - a potion of degeneration {unknown}

Dungeon Overview and Level Annotations

Branches:
Dungeon (4/15)             Temple (1/1) D:4

Altars:
Ashenzari
Cheibriados
Dithmenos
Elyvilon
Fedhas
Gozag
Hepliaklqana
Kikubaaqudgha
Makhleb
Nemelex Xobeh
Okawaru
Ru
Sif Muna
Vehumet
Wu Jian
Xom
Yredelemnul
Zin


Message History

The scorpion is moderately wounded.
You feel sick. The scorpion misses you. You furiously retaliate!
You headbutt the scorpion. You shoot an arrow.
The arrow barely misses the scorpion.
You feel sick.
The scorpion stings you but does no damage.
You shoot an arrow. The arrow barely misses the scorpion.
You feel sick.
The scorpion stings you but does no damage. x2
You shoot an arrow. The arrow closely misses the scorpion.
You feel sick.
You are no longer poisoned.
The scorpion stings you but does no damage.
You shoot an arrow.
The arrow hits the scorpion but does no damage.
The scorpion is heavily wounded.
The scorpion stings you.
You are poisoned.
The scorpion poisons you! The scorpion stings you.
You are more poisoned.
The scorpion poisons you!
You shoot an arrow. The arrow closely misses the scorpion.
You feel very sick.
The scorpion stings you but does no damage.
You shoot an arrow. The arrow barely misses the scorpion.
You feel very sick. The scorpion stings you.
You are lethally poisoned!
The scorpion poisons you!
You shoot an arrow. The arrow barely misses the scorpion.
You feel very sick.
The scorpion stings you but does no damage.
The scorpion misses you.
You shoot an arrow. The arrow hits the scorpion.
The scorpion is severely wounded.
You feel very sick. The scorpion stings you.
You shoot an arrow.
The arrow completely misses the scorpion.
You die...

#.........#.#.# #
#####.###.#.#.##..
#...#.#.#....#
#...#...#
####......#####
.........>.......
#########.#.#####
#####.#'#####
#..?.@s......
#.###.[..)...
#(.......
#......).
#........
#........
#........
#.#######


You could see a scorpion.

Vanquished Creatures
  A gnoll bouda (D:4)
  An orc wizard (D:3)
  4 adders
  5 gnolls
  2 worms
  2 dart slugs (D:1)
  5 orcs
  5 ball pythons
  10 endoplasms
  A giant cockroach (D:1)
  6 goblins
  8 hobgoblins
  7 jackals (D:2)
  7 kobolds
  A quokka (D:1)
  6 bats
  4 frilled lizards
  4 rats
79 creatures vanquished.

Notes
Turn   | Place    | Note
-------+----------+-------------------------------------------
     0 | D:1      | qw the Minotaur Hunter began the quest for the Orb.
     0 | D:1      | Reached XP level 1. HP: 18/18 MP: 0/0
     0 | D:1      | 0 ||| qw: Version: 0.2-a-117-gc6b5c8b
     0 | D:1      | 0 ||| qw: Game counter: 2422
     0 | D:1      | 0 ||| qw: Always use a shield: true
     0 | D:1      | 0 ||| qw: God list: Okawaru
     0 | D:1      | 0 ||| qw: Allow faded altars: false
     0 | D:1      | 0 ||| qw: Do Orc after D:15 true
     0 | D:1      | 0 ||| qw: Do second Lair branch before Depths: true
     0 | D:1      | 0 ||| qw: Lair rune preference: random
     0 | D:1      | 0 ||| qw: Plans: Normal
     0 | D:1      | 0 ||| PLANNING D:1-11
    45 | D:1      | Reached XP level 2. HP: 25/25 MP: 1/1
    96 | D:1      | Reached skill level 5 in Ranged Weapons
   269 | D:1      | Found a faded altar of an unknown god.
   305 | D:1      | Reached skill level 3 in Fighting
   438 | D:1      | Reached XP level 3. HP: 31/31 MP: 2/2
   520 | D:1      | 520 ||| READING scroll labelled YWEOLY VUOMAR.
   521 | D:1      | 521 ||| READING 2 scrolls labelled CAM YNNAONWASTREMU.
   522 | D:1      | 522 ||| DROPPING scroll of butterflies.
   793 | D:2      | Found a shimmering altar of Xom.
   843 | D:2      | Identified the staff of air "Uxuhiela" {rElec Str+2 Int+2}
  1457 | D:2      | 1457 ||| READING scroll labelled VITAATW NOUDOFA.
  1458 | D:2      | 1458 ||| READING scroll labelled CYUNEPL DYSK.
  1459 | D:2      | 1459 ||| READING scroll labelled JIPSIBENGE.
  1460 | D:2      | 1460 ||| READING 2 scrolls of identify.
  1460 | D:2      | 1460 ||| IDENTIFYING emerald potion
  1461 | D:2      | 1461 ||| DROPPING potion of brilliance.
  1508 | D:3      | 1508 ||| STAIRDANCE
  1511 | D:2      | Reached skill level 6 in Ranged Weapons
  1511 | D:2      | Reached XP level 4. HP: 21/38 MP: 3/3
  1745 | D:3      | Identified the amulet "Uckostro" {Acrobat rCorr MP+9 Int+4}
  1782 | D:3      | Found a broken altar of Ashenzari.
  2149 | D:3      | Reached XP level 5. HP: 33/46 MP: 4/4
  2236 | D:3      | 2236 ||| UPGRADING to +0 ring mail.
  2246 | D:3      | 2246 ||| DROPPING +0 leather armour.
  2247 | D:3      | 2247 ||| UPGRADING to amulet "Uckostro" {Acrobat rCorr MP+9
                  | Int+4}.
  2322 | D:3      | 2322 ||| DROPPING +6 ring of intelligence.
  2323 | D:3      | 2323 ||| READING scroll labelled LERPHU HANWU.
  2324 | D:3      | 2324 ||| READING scroll labelled PEPSO QOORIUZY.
  2325 | D:3      | 2325 ||| READING scroll labelled HAJAGI GETO.
  2326 | D:3      | 2326 ||| READING scroll labelled DOIVIRPH DIGOE.
  2328 | D:3      | 2328 ||| Stepping ~*~*~tactically~*~*~ (cloud).
  2421 | D:4      | 2421 ||| STAIRDANCE
  2427 | D:3      | Reached skill level 1 in Armour
  2439 | D:4      | 2439 ||| STAIRDANCE
  2481 | D:4      | 2481 ||| STAIRDANCE
  2527 | D:4      | 2527 ||| STAIRDANCE
  2682 | D:4      | Found a staircase to the Ecumenical Temple.
  2683 | D:4      | 2683 ||| PLANNING TEMPLE
  2691 | Temple   | Entered the Ecumenical Temple
  2813 | Temple   | 2813 ||| PLANNING OKAWARU WORSHIP
  2822 | Temple   | Became a worshipper of Warmaster Okawaru
  2822 | Temple   | 2822 ||| PLANNING D:1-11
  2968 | D:4      | Reached skill level 7 in Ranged Weapons
  2980 | D:4      | HP: 8/46 [poisoned by a scorpion]
  2982 | D:4      | Succumbed to a scorpion's poison

Levels and vault maps discovered:
D:1:      minmay_arrival_shattered_statue, layout_loops_ring,
          chequers_ecumenical_altar_simple
D:2:      layout_loops_corners, basic_altar
D:3:      layout_rooms, ashenzari_conservatory_becter, hangedman_decor_lopped,
          kennysheep_generic_room_10
D:4:      layout_basic, minmay_temple_entry_statues_fountains
Temple:   minmay_crystal_spiral_temple

Skill      XL: |  1  2  3  4  5 |
---------------+----------------+-----
Ranged Weapons | 5 6 7 |  7.0
Fighting       | 3 4 |  4.0
Armour         | 1 |  1.2
Dodging        | |  2.1
Stealth        | |  0.7

Action                     |  1- 3 |  4- 6 || total
---------------------------+-------+-------++-------
   Fire: Shortbow          |   138 |   119 ||   257
    Use: Scroll            |     6 |     4 ||    10
 Armour: Leather armour    |    14 |     5 ||    19
         Ring mail         |       |    10 ||    10
  Dodge: Dodged            |    35 |    52 ||    87

Table legend:
 A = Non-vault XP
 B = Vault XP
 C = Vault XP percentage of total XP
 D = Non-vault monster count
 E = Vault monster count
 F = Vault count percentage of total count
                 A         B        C        D         E       F
            +---------+---------+-------+---------+---------+-------
      Total |     326 |       2 |   0.6 |      77 |       2 |   2.5
            +---------+---------+-------+---------+---------+-------
        D:1 |      42 |       0 |   0.0 |      22 |       0 |   0.0
        D:2 |      64 |       0 |   0.0 |      24 |       0 |   0.0
        D:3 |     144 |       2 |   1.4 |      24 |       2 |   7.7
        D:4 |      76 |       0 |   0.0 |       7 |       0 |   0.0
            +---------+---------+-------+---------+---------+-------
